 Dungeon Crawl Stone Soup version 0.21.0-3-g78d12a8 (webtiles) character file.

194 komo4ek the Chopper (level 5, -1/47 HPs)
             Began as a Minotaur Berserker on Jan 13, 2018.
             Was an Initiate of Makhleb.
             Slain by a polar bear (4 damage)
             ... created by the rage of Trog
             ... on level 3 of the Dungeon.
             The game lasted 00:04:05 (1771 turns).

komo4ek the Chopper (Minotaur Berserker)            Turns: 1771, Time: 00:04:06

Health: -1/47      AC:  8    Str: 21    XL:     5   Next: 44%
Magic:  4/4        EV:  7    Int:  5    God:    Makhleb [......]
Gold:   129        SH:  0    Dex: 10    Spells: 4/4 levels left

rFire    . . .     SeeInvis .   a - +0 hand axe
rCold    . . .     Gourm    .   (no shield)
rNeg     . . .     Faith    .   q - +0 chain mail {MR+}
rPois    .         Spirit   .   (helmet restricted)
rElec    .         Reflect  .   (no cloak)
rCorr    .         Harm     .   (no gloves)
MR       +....                  (no boots)
Stlth    ..........             o - amulet of inaccuracy (curse)
HPRegen  0.15/turn              p - ring of wizardry
MPRegen  0.09/turn              (no ring)

@: heavily drained
A: retaliatory headbutt, horns 2
a: Renounce Religion


You were on level 3 of the Dungeon.
You worshipped Makhleb.
Makhleb was noncommittal.
You were not hungry.

You visited 1 branch of the dungeon, and saw 3 of its levels.

You collected 129 gold pieces.

Inventory:

Hand Weapons
 a - a +0 hand axe (weapon)
Armour
 b - a +0 animal skin
 i - a +0 ring mail
 q - a +0 chain mail of magic resistance (worn)
Jewellery
 o - a cursed amulet of inaccuracy (around neck)
 p - a ring of wizardry (left hand)
 t - a +2 ring of protection {unknown}
Wands
 r - a wand of paralysis (13)
 v - a wand of scattershot (8)
Scrolls
 d - 2 scrolls of enchant weapon {unknown}
 e - a scroll of immolation {unknown}
 j - a scroll of fog {unknown}
 l - 5 scrolls of identify {unknown}
 m - a scroll of blinking {unknown}
 n - a scroll of amnesia {unknown}
 w - a scroll of remove curse {unknown}
Potions
 f - a potion of berserk rage {unknown}
 g - a potion of degeneration {unknown}
 h - a potion of might {unknown}
 k - 2 potions of invisibility {unknown}
 s - a potion of mutation {unknown}
 u - a potion of haste {unknown}
Comestibles
 c - 4 rations


   Skills:
 + Level 4.8(3.0) Fighting
 * Level 5.9(4.0) Axes
 + Level 4.0(2.2) Armour
 - Level 2.1(0.5) Dodging


You had 4 spell levels left.
You didn't know any spells.

Dungeon Overview and Level Annotations

Branches:
Dungeon (3/15)

Altars:
Makhleb


Innate Abilities, Weirdness & Mutations

You reflexively headbutt those who attack you in melee.
You have a pair of horns on your head.


Message History

You hear an angry growl.
The polar bear bites you! The polar bear claws you. x2
The polar bear rages.
The polar bear barely misses you. You furiously retaliate!
You headbutt the polar bear. The polar bear claws you. x2
You hear an angry growl.
You hear an angry growl. x3
The polar bear bites you! The polar bear claws you. x2
* * * LOW HITPOINT WARNING * * *
You hear an angry growl. x4
You hear an angry growl. x3
The black bear rages.
The polar bear barely misses you. The polar bear closely misses you.
The polar bear claws you but does no damage.
You hear an angry growl.
The polar bear bites you!
* * * LOW HITPOINT WARNING * * *
The polar bear claws you but does no damage.
The polar bear claws you.
You die...

#########
#...h.h.#########
######
#.#####hh@.......
#...h. #.# ###########
#.....##h## #.....[.).#
######### # #....h##..#
#####.......##.# ##
#..... #.[#
#.............#. ..
###.##
#..#####.#...#####.##.#
#. #. #.........#.#.##
#.##.# #. #
##%.........##.# #.##.#
#.


You could see 3 polar bears and a black bear (berserk).

Vanquished Creatures
  An orc priest (D:3)
  A hound (D:3)
  2 orc wizards (D:3)
  2 adders (D:2)
  2 oozes
  A worm (D:3)
  3 dart slugs
  2 leopard geckos (D:1)
  8 orcs (D:3)
  3 giant cockroaches
  3 goblins
  5 hobgoblins
  2 kobolds (D:1)
  A quokka (D:2)
  3 bats
  2 frilled lizards (D:3)
41 creatures vanquished.

Notes
Turn   | Place    | Note
-------+----------+-------------------------------------------
     0 | D:1      | komo4ek the Minotaur Berserker began the quest for the Orb.
     0 | D:1      | Reached XP level 1. HP: 19/19 MP: 0/0
    93 | D:1      | Reached skill level 4 in Axes
   338 | D:1      | Reached XP level 2. HP: 27/27 MP: 1/1
   582 | D:2      | Reached XP level 3. HP: 33/33 MP: 2/2
   988 | D:3      | Reached ** piety under Trog
   988 | D:3      | Reached skill level 5 in Axes
   988 | D:3      | Reached XP level 4. HP: 38/41 MP: 3/3
   992 | D:3      | Found a burning altar of Makhleb.
   998 | D:3      | Fell from the grace of Trog
   998 | D:3      | Became a worshipper of Makhleb the Destroyer
  1503 | D:3      | Reached XP level 5. HP: 47/47 MP: 4/4
  1760 | D:3      | Noticed a polar bear
  1760 | D:3      | Noticed a polar bear
  1760 | D:3      | Noticed a black bear
  1760 | D:3      | Noticed a black bear
  1760 | D:3      | Noticed a polar bear
  1771 | D:3      | Slain by a polar bear

Skill      XL: |  1  2  3  4  5 |
---------------+----------------+-----
Axes           | 4 5 |  5.9
Fighting       | 4 |  4.8
Armour         | 3 4 |  4.0
Dodging        | |  2.1

Action                   |  1- 3 |  4- 6 || total
-------------------------+-------+-------++-------
Melee: Hand axe          |    48 |    91 ||   139
       Headbutt          |     7 |    12 ||    19
  Eat: Ration            |       |     1 ||     1
Armor: Animal skin       |     5 |       ||     5
       Ring mail         |     6 |       ||     6
       Chain mail        |    14 |    47 ||    61
Dodge: Dodged            |    33 |    24 ||    57
